Map: Neon Violet Square LE

Players

RiSky - Winner!

  • Race: Zerg Zerg
  • League: Master
  • Spawn Location: 5:00

Starbuck

  • Race: Zerg Zerg
  • League: Master
  • Spawn Location: 11:00

VOD

Have the link to the VOD?

Description

Time

  • Played on: Nov. 18, 2017, 2:28 p.m.
  • Length: 13:57
Show
View Real Time Build Order
Export as new Build Order

RiSky Zerg - Winner!

Build Orders: Hatch First, Lurkers 

Get SALT Encoding   

  12  0:00  Drone  
  13  0:13  Overlord  
  13  0:18  Drone  
  14  0:31  Drone x2  
  14  0:34  Drone  
  17  0:52  Hatchery  
  17  0:55  Drone  
  17  0:58  Drone  
  17  1:01  Extractor  
  17  1:15  Spawning Pool  
  17  1:17  Drone  
  17  1:20  Drone  
  18  1:28  Drone  
  19  1:39  Overlord  
  19  1:52  Drone  
  20  2:02  Queen  
  20  2:03  Metabolic Boost, Zergling x2  
  20  2:05  Queen  
  25  2:08  Drone  
  25  2:12  Drone  
  27  2:17  Drone  
  28  2:23  Drone  
  28  2:26  Drone  
  30  2:32  Zergling x2  
  31  2:44  Hatchery  
  30  2:46  Zergling x2  
  31  2:52  Overlord, Baneling Nest  
  31  2:56  Drone  
  31  2:57  Drone  
  32  3:04  Drone  
  33  3:08  Drone  
  33  3:10  Drone  
  33  3:12  Drone  
  36  3:13  Drone  
  36  3:16  Zergling x6  
  36  3:18  Drone  
  41  3:21  Drone  
  41  3:25  Overlord  
  42  3:30  Drone  
  42  3:33  Drone  
  43  3:39  Baneling x2  
  43  3:43  Queen, Baneling  
  43  3:44  Drone  
  43  3:45  Drone  
  47  3:48  Drone  
  47  3:49  Zergling x2  
  47  3:53  Overlord x2  
  47  3:55  Drone  
  50  3:57  Baneling  
  50  4:00  Drone  
  51  4:03  Drone  
  51  4:06  Drone  
  51  4:09  Baneling, Drone  
  54  4:11  Drone  
  54  4:14  Drone x2  
  54  4:16  Extractor  
  56  4:18  Drone  
  56  4:19  Roach Warren, Drone  
  56  4:20  Drone  
  58  4:26  Drone  
  58  4:27  Drone  
  58  4:28  Drone  
  58  4:29  Evolution Chamber  
  58  4:31  Extractor  
  57  4:34  Queen  
  57  4:35  Zergling x2  
  57  4:37  Drone  
  57  4:38  Drone  
  61  4:39  Drone x2  
  61  4:43  Drone  
  63  4:45  Zergling x2  
  63  4:46  Zergling x2  
  63  4:51  Drone x2  
  66  4:56  Drone  
  66  4:59  Drone, Zergling x2  
  73  5:00  Zergling x8  
  73  5:05  Drone  
  72  5:07  Drone  
  72  5:08  Baneling x2  
  73  5:18  Overlord  
  73  5:20  Lair  
  73  5:21  Zerg Missile Weapons Level 1, Drone  
  73  5:28  Overlord  
  73  5:33  Overlord  
  73  5:40  Roach x2, Overlord  
  73  5:41  Roach x2  
  81  5:45  Spine Crawler x2  
  81  5:46  Roach x4, Spine Crawler x2  
  81  5:48  Baneling x4  
  85  5:55  Roach x2  
  85  5:56  Zergling x6  
  89  6:08  Roach x2  
  89  6:09  Roach  
  89  6:10  Zergling x6  
  89  6:11  Zergling x6  
  97  6:18  Roach x2  
  97  6:19  Roach  
  97  6:24  Roach x2  
  95  6:31  Roach x2  
  92  6:37  Roach  
  92  6:38  Roach x2  
  91  6:45  Roach  
  91  6:46  Roach  
  91  6:50  Queen x2  
  93  6:56  Zergling x6  
  94  7:01  Extractor  
  94  7:02  Drone  
  94  7:05  Drone  
  94  7:07  Glial Reconstitution, Drone  
  96  7:08  Drone  
  96  7:09  Extractor  
  96  7:11  Extractor  
  95  7:15  Drone  
  95  7:19  Baneling x3  
  95  7:20  Drone  
  95  7:22  Drone  
  98  7:28  Drone x2  
  100  7:31  Overlord  
  100  7:35  Drone  
  98  7:41  Drone, Hatchery  
  98  7:42  Drone  
  98  7:44  Drone  
  97  7:45  Drone  
  97  7:47  Drone  
  95  7:57  Roach x4  
  102  7:59  Drone  
  103  8:06  Queen  
  103  8:11  Roach x3  
  103  8:12  Roach  
  113  8:13  Overlord x2  
  113  8:14  Zerg Missile Weapons Level 2  
  113  8:18  Hydralisk Den  
  112  8:22  Overlord  
  112  8:26  Drone x2  
  114  8:27  Overlord  
  114  8:30  Overlord  
  114  8:32  Drone  
  114  8:33  Drone  
  116  8:37  Overlord  
  116  8:39  Drone x2  
  116  8:42  Drone x2  
  116  8:44  Drone  
  116  8:45  Overlord, Drone  
  116  8:47  Muscular Augments  
  120  8:52  Hydralisk x3  
  126  8:58  Hydralisk x2  
  130  9:06  Hydralisk x3  
  130  9:08  Hydralisk  
  138  9:11  Hydralisk  
  138  9:14  Pneumatized Carapace  
  140  9:17  Hydralisk  
  140  9:22  Hydralisk x2  
  146  9:26  Lurker Den  
  146  9:28  Hydralisk x2  
  149  9:45  Overlord x2  
  149  9:47  Drone  
  149  9:48  Infestation Pit, Hydralisk x4  
  157  9:59  Hatchery  
  156  10:01  Overlord x2  
  156  10:05  Hydralisk  
  156  10:06  Hydralisk  
  160  10:13  Roach x4  
  168  10:18  Roach  
  168  10:19  Roach x2  
  168  10:23  Roach x3  
  174  10:31  Overlord  
  174  10:32  Hive  
  174  10:33  Roach x2  
  178  10:36  Overlord  
  178  10:37  Extractor  
  177  10:49  Overlord  
  177  10:50  Roach  
  177  10:51  Roach x6  
  191  10:57  Overlord  
  191  10:59  Lurker x4  
  191  11:03  Overseer  
  195  11:10  Roach x6  
  195  11:18  Roach  
  195  11:19  Roach  
  199  11:27  Evolution Chamber  
  194  11:33  Roach x3  
  200  11:42  Extractor  
  200  11:43  Adaptive Talons  
  199  11:57  Hydralisk x2  
  199  11:58  Overlord  
  199  12:00  Spine Crawler x2  
  195  12:01  Spine Crawler  
  195  12:02  Spine Crawler  
  195  12:03  Spine Crawler  
  195  12:04  Spine Crawler  
  195  12:06  Spine Crawler  
  186  12:09  Spine Crawler  
  186  12:13  Hydralisk x4  
  186  12:14  Hydralisk  
  173  12:32  Hydralisk  
  173  12:33  Hydralisk x9  
  160  12:57  Lurker x5  
  160  12:58  Lurker  
  121  13:08  Drone x4  
  121  13:40  Lurker  
  121  13:41  Lurker  
Show
View Real Time Build Order
Export as new Build Order

Starbuck Zerg 

Build Orders: Hatch First, Lurkers 

Get SALT Encoding   

  12  0:01  Drone  
  13  0:13  Overlord  
  13  0:17  Drone  
  14  0:31  Drone x2  
  14  0:34  Drone  
  17  0:52  Hatchery  
  17  0:55  Drone  
  17  0:59  Drone  
  18  1:10  Extractor  
  17  1:14  Spawning Pool  
  17  1:16  Drone  
  17  1:20  Drone  
  18  1:30  Drone  
  19  1:39  Overlord  
  19  1:50  Drone  
  20  2:00  Queen  
  22  2:01  Zergling x2  
  22  2:04  Queen, Zergling x2  
  26  2:09  Metabolic Boost  
  26  2:12  Drone  
  26  2:15  Drone  
  28  2:22  Drone  
  29  2:27  Drone  
  30  2:38  Drone  
  30  2:43  Hatchery  
  30  2:44  Drone x2  
  32  2:52  Overlord  
  32  2:58  Drone x2  
  32  3:02  Baneling Nest  
  33  3:11  Drone  
  33  3:12  Drone  
  35  3:13  Zergling x2  
  35  3:14  Zergling x6  
  35  3:15  Zergling x2  
  35  3:17  Zergling x2  
  41  3:23  Zergling x2  
  41  3:33  Zergling x4  
  43  3:36  Overlord  
  43  3:46  Baneling  
  43  3:47  Baneling x3  
  43  3:52  Extractor, Queen  
  43  3:55  Drone x6  
  50  3:57  Drone  
  50  3:58  Drone  
  52  4:09  Drone x2  
  52  4:16  Roach Warren  
  50  4:19  Drone  
  50  4:20  Drone x2  
  50  4:23  Baneling x2  
  53  4:24  Zergling x8  
  56  4:36  Overlord  
  56  4:40  Overlord x2  
  53  4:57  Roach x6  
  53  4:59  Roach x4  
  73  5:06  Roach  
  73  5:07  Roach x2  
  77  5:15  Roach  
  77  5:17  Roach  
  77  5:18  Zergling x2  
  77  5:21  Overlord  
  80  5:22  Zergling x2  
  80  5:27  Zergling x2  
  82  5:33  Overlord  
  82  5:38  Baneling  
  82  5:39  Baneling x4  
  82  5:40  Zergling x2  
  82  5:41  Zergling x14  
  90  5:51  Baneling x2  
  90  5:56  Zergling x14  
  94  6:10  Zergling x10  
  96  6:13  Zergling x4  
  97  6:18  Zergling x2  
  97  6:21  Zergling x2  
  97  6:23  Zergling x4  
  97  6:24  Zergling x4  
  91  6:28  Zergling x2  
  91  6:29  Evolution Chamber, Zergling x2  
  78  6:42  Zergling x6  
  78  6:43  Zergling x2  
  78  6:45  Drone  
  78  6:46  Lair, Drone  
  76  6:51  Lair  
  67  7:01  Drone x4  
  63  7:02  Drone x8  
  63  7:07  Zerg Missile Weapons Level 1  
  74  7:08  Extractor  
  74  7:09  Overlord  
  74  7:14  Baneling x4  
  74  7:15  Baneling  
  73  7:19  Overlord  
  73  7:22  Drone  
  74  7:25  Hatchery  
  74  7:28  Roach x4  
  81  7:32  Roach  
  81  7:41  Roach x3  
  82  7:45  Roach  
  82  7:48  Roach  
  81  7:55  Extractor, Drone x2  
  81  7:56  Drone  
  80  7:59  Roach  
  80  8:00  Roach x3  
  80  8:03  Roach  
  80  8:04  Overlord  
  90  8:06  Roach  
  90  8:11  Overlord, Drone x2  
  94  8:16  Roach x2  
  94  8:17  Roach  
  94  8:19  Overlord  
  100  8:21  Extractor  
  100  8:22  Drone  
  100  8:23  Drone  
  100  8:24  Drone  
  100  8:25  Roach x3  
  108  8:29  Roach x2  
  108  8:31  Roach  
  114  8:38  Roach x2  
  114  8:39  Roach  
  120  8:42  Drone x2  
  120  8:43  Extractor, Overlord  
  120  8:45  Roach x2  
  120  8:48  Queen  
  125  8:52  Glial Reconstitution  
  127  8:57  Roach x2, Drone  
  127  8:58  Roach  
  127  9:00  Overlord  
  134  9:03  Roach  
  134  9:05  Ravager  
  134  9:06  Roach  
  134  9:09  Roach x2  
  143  9:11  Drone  
  143  9:16  Roach x2  
  148  9:18  Overlord  
  148  9:20  Drone  
  148  9:22  Extractor  
  148  9:23  Zerg Missile Weapons Level 2  
  148  9:24  Drone  
  148  9:26  Drone  
  148  9:27  Drone  
  148  9:28  Drone  
  152  9:33  Hydralisk Den, Drone  
  152  9:34  Drone  
  153  9:39  Drone  
  153  9:40  Drone x3  
  153  9:41  Extractor, Drone  
  153  9:43  Overlord  
  157  9:46  Ravager x3  
  157  9:47  Ravager  
  157  9:48  Overlord  
  161  9:59  Overlord  
  161  10:02  Muscular Augments  
  161  10:05  Evolution Chamber  
  161  10:06  Pneumatized Carapace  
  160  10:26  Overlord x2  
  160  10:29  Hydralisk x4  
  160  10:30  Lurker Den  
  160  10:33  Zerg Ground Armor Level 1  
  167  10:37  Overlord  
  167  10:42  Hydralisk  
  165  10:43  Hydralisk x2  
  165  10:44  Hydralisk  
  165  10:45  Hydralisk x5  
  165  10:48  Roach  
  181  10:50  Hydralisk  
  183  10:57  Roach  
  183  11:00  Overlord x2  
  185  11:10  Overlord  
  183  11:13  Ravager  
  183  11:16  Overlord  
  184  11:19  Infestation Pit, Hydralisk  
  184  11:20  Hydralisk x5  
  184  11:25  Overseer  
  195  11:29  Overseer  
  183  11:33  Hydralisk x2  
  183  11:34  Roach x4  
  183  11:35  Ravager  
  183  11:36  Ravager x3  
  197  11:43  Roach  
  185  11:56  Spine Crawler  
  185  11:57  Spine Crawler  
  185  11:59  Spine Crawler x2  
  185  12:00  Spine Crawler  
  170  12:01  Spine Crawler  
  170  12:03  Lurker x5  
  170  12:05  Drone x4  
  123  12:38  Drone x3  
  52  13:16  Hatchery  
Tags
 
Add a new tag
Caveats
  • Supply blocks, unpowered buildings, or Contaminate may cause inaccurate times.
  • Supply counts are checked every 10 seconds.